 Dungeon Crawl Stone Soup version 0.18.1-47-g9310371 (webtiles) character file.

23 frankiefran the Digger (level 2, 0/24 HPs)
             Began as a Troll Earth Elementalist on June 15, 2016.
             Succumbed to a goblin's poison
             ... on level 1 of the Dungeon.
             The game lasted 00:03:17 (362 turns).

frankiefran the Digger (Troll Earth Elementalist)    Turns: 362, Time: 00:03:18

Health: 0/24       AC:  5    Str: 15    XL:     2   Next: 75%
Magic:  3/3        EV: 10    Int: 11    God:
Gold:   79         SH:  0    Dex: 10    Spells: 1 memorised, 2 levels left

rFire  . . .     SeeInvis .     (no weapon)
rCold  . . .     Gourm    +     a - +0 robe
rNeg   . . .     Faith    .     (no shield)
rPois  .         Spirit   .     (helmet restricted)
rElec  .         Dismiss  .     (no cloak)
rCorr  .         Reflect  .     (gloves unavailable)
SustAt .         Harm     .     (boots unavailable)
MR     .....                    (no amulet)
Stlth  +.........               (no ring)
                                (no ring)

@: lethally poisoned (0 -> -20), flying, very slightly contaminated, hasted,
very quick, not resistant to hostile enchantments, very unstealthy
A: unfitting armour, claws 3, fast metabolism 3, gourmand, regeneration 2,
shaggy fur 1, tough skin 2
a: no special abilities


You were on level 1 of the Dungeon.
You were hungry.

You visited 1 branch of the dungeon, and saw 1 of its levels.

You collected 79 gold pieces.

Inventory:

Missiles
 b - 68 stones (quivered)
Armour
 a - a +0 robe (worn)
Scrolls
 i - a scroll of amnesia {unknown}
 j - a scroll of enchant weapon {unknown}
 k - a scroll of teleportation {unknown}
Potions
 g - a potion of flight
 h - a potion of curing {unknown}
Books
 c - a book of Geomancy

   Spells                             Type                      Level
   a - Sandblast                      Earth                        1
   b - Passwall                       Transmutation/Earth          2
   c - Stone Arrow                    Conjuration/Earth            3
   d - Petrify                        Transmutation/Earth          4
   e - Lee's Rapid Deconstruction     Earth                        5
Comestibles
 d - 3 bread rations
 f - a meat ration


   Skills:
 + Level 1.9 Dodging
 - Level 1.2 Stealth
 + Level 1.4 Spellcasting
   Level 0.6 Transmutations
 + Level 3.1 Earth Magic


You had 2 spell levels left.
You knew the following spells:

 Your Spells              Type           Power        Failure   Level  Hunger
a - Sandblast             Erth           #.....       10%         1    ##.....


Dungeon Overview and Level Annotations

Branches:
Dungeon (1/15)

Altars:


Innate Abilities, Weirdness & Mutations

You are too large for most types of armour.
You have claws for hands.
Your metabolism is lightning-fast.
You like to eat raw meat.
You heal very quickly.
You are covered in fur (AC +1).
You have very tough skin (AC +2).


Message History

* * * LOW HITPOINT WARNING * * *
You are lethally poisoned!
You barely miss the goblin.
The goblin is moderately wounded.
* * * LOW HITPOINT WARNING * * *
You feel sick.
The goblin hits you with a dagger of venom.
* * * LOW HITPOINT WARNING * * *
You are more poisoned.
Drink which item? (? for menu, Esc to quit)
It was a potion of haste.
You feel yourself speed up.
* * * LOW HITPOINT WARNING * * *
You feel sick. The goblin hits you but does no damage.
You are more poisoned.
You are very lightly contaminated with residual magic.
Drink which item? (? for menu, Esc to quit)
It was a potion of flight.
You feel very buoyant.
You fly up into the air.
You die...

######.# #...#####
#.####....#
#####.#.....#..##
###.....#.#..###..#
#...###.....## #.##
........##### ..##
.######.# ##...## ##
#..# ##.....##
######.### #.@.....#
.........# #.g.....#
#####..#.######.......#
##.).##.............##
#..############.....#
#### .......# #.......#
#....$..# ##.....##


You could see a goblin.

Vanquished Creatures
  A dart slug (D:1)
  A giant gecko (D:1)
  7 goblins (D:1)
  3 hobgoblins (D:1)
  3 jackals (D:1)
  A kobold (D:1)
  A rat (D:1)
17 creatures vanquished.

Notes
Turn   | Place    | Note
--------------------------------------------------------------
     0 | D:1      | frankiefran the Troll Earth Elementalist began the quest for the Orb.
     0 | D:1      | Reached XP level 1. HP: 16/16 MP: 1/1
    57 | D:1      | Reached skill level 3 in Earth Magic
    57 | D:1      | Reached XP level 2. HP: 20/24 MP: 3/3
   361 | D:1      | HP: 1/24 [poisoned by a goblin]
   362 | D:1      | Succumbed to a goblin's poison

Skill      XL: |  1 |
---------------+----+-----
Earth Magic    | 3 |  3.1
Dodging        | |  1.9
Stealth        | |  1.2
Spellcasting   | |  1.4
Transmutations | |  0.6

Action                   || total
-------------------------++-------
Melee: Unarmed           ||    73
  Use: Potion            ||     2
Armor: Robe              ||    14
Dodge: Dodged            ||    33
